 Dungeon Crawl Stone Soup version 0.31-a0-232-gb1c03b2570 (webtiles) character file.

Game seed: 14638399932544693159

49 qw the Shooter (level 3, 0/29 HPs)
             Began as a Minotaur Hexslinger on July 7, 2023.
             Slain by an iguana (4 damage)
             ... on level 3 of the Dungeon.
             The game lasted 00:00:30 (1290 turns).

qw the Shooter (Minotaur Hexslinger)                Turns: 1290, Time: 00:00:30

Health: 0/29       AC:  5    Str: 12    XL:     3   Next: 51%
Magic:  3/3        EV: 11    Int: 10    God:
Gold:   50         SH:  0    Dex: 14    Spells: 3/4 levels left

rFire   . . .        Y - +1 sling
rCold   . . .        (no shield)
rNeg    . . .        e - +0 ring mail
rPois   .            (helmet restricted)
rElec   .            (no cloak)
rCorr   .            (no gloves)
SInv    .            (no boots)
Will    .....        (no amulet)
Stlth   +            (no ring)
HPRegen 0.24/turn    (no ring)
MPRegen 0.08/turn

%: no passive effects
@: about to teleport
A: horns 2, retaliatory headbutt
a: no special abilities


You were on level 3 of the Dungeon.
You visited 1 branch of the dungeon, and saw 3 of its levels.

You collected 127 gold pieces.
You spent 77 gold pieces at shops.


Innate Abilities, Weirdness & Mutations

You have a pair of horns on your head.
You reflexively headbutt those who attack you in melee.


   Skills:
 - Level 2.2 Fighting
 - Level 4.0 Ranged Weapons
 + Level 0.0 Armour
 - Level 2.1 Dodging
 - Level 1.0 Spellcasting
 - Level 2.0 Hexes


You had 3 spell levels left.
You knew the following spells:

 Your Spells              Type           Power      Damage    Failure   Level
a - Slow                  Hex            16%        N/A       34%         1

Your spell library contained the following spells:

 Spells                   Type           Power      Damage    Failure   Level
 Inner Flame              Hex/Fire       2%         N/A       83%         3
 Portal Projectile        Hex/Tloc       4%         N/A       83%         3
 Cause Fear               Hex            2%         N/A       98%         4

Inventory:

Hand Weapons
 Y - a +1 sling (weapon)
Armour
 e - a +0 ring mail (worn)
Jewellery
 j - a ring of fire
Scrolls
 b - a scroll of identify
 c - a scroll of teleportation
Potions
 a - a potion of mutation {unknown}
 f - a potion of enlightenment {unknown}
 g - a potion of heal wounds {unknown}
 h - a potion of attraction {unknown}

Dungeon Overview and Level Annotations

Branches:
Dungeon (3/15)

Altars:

Shops:
D:1 ?


Message History

Waypoint 2 assigned to D:3.
1275 ||| PLANNING SEWER You shoot a sling bullet.
The sling bullet closely misses the quokka.
You shoot a sling bullet. The sling bullet hits the quokka.
You kill the quokka!
Your Ranged Weapons skill increases to level 4!
a - a pink potion An iguana comes into view.
The iguana hisses angrily.
You shoot a sling bullet.
The sling bullet closely misses the iguana.
You shoot a sling bullet. The sling bullet hits the iguana.
The iguana is moderately wounded.
You shoot a sling bullet.
The sling bullet closely misses the iguana.
You shoot a sling bullet.
The sling bullet barely misses the iguana.
The iguana hisses menacingly.
You shoot a sling bullet.
The sling bullet closely misses the iguana.
The iguana bites you! The iguana barely misses you. You furiously retaliate!
You headbutt the iguana. You shoot a sling bullet.
The sling bullet hits the iguana.
The iguana is heavily wounded.
The iguana barely misses you.
You shoot a sling bullet. The sling bullet hits the iguana.
The iguana is almost dead.
The iguana bites you but does no damage.
You shoot a sling bullet.
The sling bullet barely misses the iguana.
The iguana bites you. The iguana bites you!
1289 ||| READING 2 scrolls of teleportation.
As you read the scroll of teleportation, it crumbles to dust.
You feel strangely unstable. The iguana bites you.
You shoot a sling bullet.
The sling bullet barely misses the iguana.
The iguana bites you.
You die...

..........
........(
.........
#######.#....##
.............%.
.......<.......
####..#.####.#..
#.#..........
#...@####....
#..).l## .
#...... #.#..##
..... ....# ...
.#.


You could see an iguana.

Vanquished Creatures
  An adder (D:2)
  4 endoplasms
  2 giant cockroaches
  4 goblins (D:1)
  3 hobgoblins (D:2)
  4 jackals (D:2)
  A quokka (D:3)
  3 ball pythons (D:1)
  4 bats
  A frilled lizard (D:2)
  6 kobolds
  4 rats
37 creatures vanquished.

Notes
Turn   | Place    | Note
-------+----------+-------------------------------------------
     0 | D:1      | qw the Minotaur Hexslinger began the quest for the Orb.
     0 | D:1      | Reached XP level 1. HP: 16/16 MP: 1/1
     0 | D:1      | 0 ||| qw: Version: 0.3-a-46-gb1f654a
     0 | D:1      | 0 ||| qw: Game counter: 2971
     0 | D:1      | 0 ||| qw: Melee chars always use a shield: true
     0 | D:1      | 0 ||| qw: God list: Okawaru
     0 | D:1      | 0 ||| qw: Allow faded altars: false
     0 | D:1      | 0 ||| qw: Do Orc after clearing Dungeon:15 true
     0 | D:1      | 0 ||| qw: Do second Lair branch before Depths: true
     0 | D:1      | 0 ||| qw: Lair rune preference: random
     0 | D:1      | 0 ||| qw: Goals: Normal
     0 | D:1      | 0 ||| PLANNING D:1-11
   163 | D:1      | Reached skill level 3 in Ranged Weapons
   176 | D:1      | You fall into a shaft and drop 1 floor!
   185 | D:2      | Reached XP level 2. HP: 23/23 MP: 2/2
   328 | D:2      | Reached XP level 3. HP: 16/29 MP: 3/3
   463 | D:2      | 463 ||| UPGRADING to +0 ring mail.
   473 | D:2      | 473 ||| DROPPING +0 robe.
   474 | D:2      | 474 ||| READING scroll labelled UQINORPHOLUSE.
   475 | D:2      | 475 ||| READING scroll labelled ZYS XUAWNOIGU.
   476 | D:2      | 476 ||| DROPPING scroll of poison.
   561 | D:1      | Found Aseis's Magic Scroll Boutique.
   575 | D:1      | 575 ||| BUYING scroll of identify (22 gold).
   575 | D:1      | Bought a scroll of identify for 22 gold pieces
   575 | D:1      | 575 ||| BUYING scroll of identify (22 gold).
   575 | D:1      | Bought a scroll of identify for 22 gold pieces
   575 | D:1      | 575 ||| BUYING scroll of teleportation (33 gold).
   575 | D:1      | Bought a scroll of teleportation for 33 gold pieces
   881 | D:1      | 881 ||| READING scroll labelled JOB EMUNUY.
   882 | D:1      | 882 ||| READING scroll labelled IPARCHI CIHOE.
   883 | D:1      | 883 ||| READING 2 scrolls of identify.
   883 | D:1      | 883 ||| IDENTIFYING fizzy golden potion
   884 | D:1      | 884 ||| DROPPING potion of degeneration.
  1268 | D:2      | 1268 ||| READING 2 scrolls of identify.
  1268 | D:2      | 1268 ||| IDENTIFYING sedimented pink potion
  1269 | D:2      | 1269 ||| DROPPING potion of lignification.
  1275 | D:3      | 1275 ||| PLANNING SEWER
  1277 | D:3      | Reached skill level 4 in Ranged Weapons
  1288 | D:3      | HP: 7/29 [iguana (9)]
  1289 | D:3      | 1289 ||| READING 2 scrolls of teleportation.
  1290 | D:3      | Slain by an iguana

Levels and vault maps discovered:
D:1:      minmay_arrival_up_and_down, layout_basic, serial_shops,
          nicolae_shop_peninsula, nicolae_figureground_pulse
D:2:      layout_basic
D:3:      layout_rooms, portal_sewer_entry_d

Skill      XL: |  1  2  3 |
---------------+----------+-----
Ranged Weapons | 3 4 |  4.0
Fighting       | 2 |  2.2
Dodging        | |  2.1
Spellcasting   | |  1.0
Hexes          | |  2.0

Action                     || total
---------------------------++-------
   Fire: Sling             ||   113
    Use: Scroll            ||     7
 Armour: Robe              ||     8
         Ring mail         ||     4
  Dodge: Dodged            ||    42

Table legend:
 A = Non-vault XP
 B = Vault XP
 C = Vault XP percentage of total XP
 D = Non-vault monster count
 E = Vault monster count
 F = Vault count percentage of total count
                 A         B        C        D         E       F
            +---------+---------+-------+---------+---------+-------
      Total |      70 |       0 |   0.0 |      37 |       0 |   0.0
            +---------+---------+-------+---------+---------+-------
        D:1 |      29 |       0 |   0.0 |      19 |       0 |   0.0
        D:2 |      39 |       0 |   0.0 |      17 |       0 |   0.0
        D:3 |       2 |       0 |   0.0 |       1 |       0 |   0.0
            +---------+---------+-------+---------+---------+-------
